 Dungeon Crawl Stone Soup version 0.19-a0-1908-g43c011f (webtiles) character file.

2338 Jorund the Magician (level 9, -3/53 HPs)
             Began as an Octopode Transmuter on Oct 21, 2016.
             Was a Follower of Fedhas.
             Killed from afar by an orc wizard (9 damage)
             ... with a puff of flame
             ... on level 8 of the Dungeon.
             The game lasted 00:33:42 (12168 turns).

Jorund the Magician (Octopode Transmuter)          Turns: 12168, Time: 00:33:43

Health: -3/53      AC:  1    Str:  9    XL:     9   Next: 43%
Magic:  18/18      EV: 19    Int: 19    God:    Fedhas [*.....]
Gold:   323        SH: 11    Dex: 17    Spells: 4 memorised, 11 levels left

rFire  . . .     SeeInvis .     d - +1 dagger
rCold  . . .     Gourm    .     f - +2 buckler
rNeg   . . .     Faith    .     (helmet restricted)
rPois  .         Spirit   .     j - +3 amulet of reflection
rElec  .         Reflect  +     w - ring of wizardry
rCorr  .         Harm     .     y - +5 ring of slaying
MR     .....                    (no ring)
Stlth  ++++......               (no ring)
                                (no ring)
                                (no ring)
                                (no ring)
                                (no ring)

@: agile, flying
A: almost no armour, stealthy swim, amphibious, 8 rings, constrict 8, camouflage
1, gelatinous body 1
a: Fungal Bloom, Evolution, Renounce Religion


You were on level 8 of the Dungeon.
You worshipped Fedhas.
Fedhas was aware of your devotion.
You were very hungry.

You visited 2 branches of the dungeon, and saw 9 of its levels.

You collected 468 gold pieces.
You spent 145 gold pieces at shops.

Inventory:

Hand Weapons
 d - a +1 dagger (weapon)
 o - a +0 blowgun
 s - a +1 trident of piercing
 D - a +2 hand axe of electrocution
Missiles
 a - 134 arrows
 k - a javelin (quivered)
 p - 8 javelins of returning
 q - 28 poisoned needles
 u - 4 needles of paralysis
 E - 7 needles of confusion
Armour
 f - a +2 buckler (worn)
Jewellery
 j - a +3 amulet of reflection (around mantle)
 m - an uncursed ring of teleportation
 w - a ring of wizardry (left tentacle)
 y - a +5 ring of slaying (right tentacle)
 C - an uncursed amulet of harm {unknown}
Wands
 e - a wand of flame (12/48)
 l - a wand of flame (27/48)
Scrolls
 h - 5 scrolls of remove curse
 v - a scroll of teleportation
 B - 2 scrolls of recharging
Potions
 n - 3 potions of brilliance
 r - a potion of mutation
 x - a potion of agility
Books
 b - a book of Changes

   Spells                             Type                      Level
   a - Beastly Appendage              Transmutation                1
   b - Sticks to Snakes               Transmutation                2
   c - Spider Form                    Transmutation/Poison         3
   d - Ice Form                       Ice/Transmutation            4
   e - Blade Hands                    Transmutation                5
Comestibles
 c - 4 bread rations
 g - 5 fruits
 t - 2 meat rations
 z - a beef jerky


   Skills:
 - Level 1.0 Fighting
 + Level 6.4 Short Blades
 + Level 2.6 Dodging
 - Level 5.2 Shields
 - Level 3.0 Unarmed Combat
 + Level 6.4 Spellcasting
 + Level 5.8 Transmutations


You had 11 spell levels left.
You knew the following spells:

 Your Spells              Type           Power        Failure   Level  Hunger
a - Beastly Appendage     Tmut           ####..       1%          1    None
b - Sticks to Snakes      Tmut           ####....     1%          2    None
c - Spider Form           Tmut/Pois      ###.......   4%          3    ##.....
d - Regeneration          Chrm/Necr      #.........   14%         3    ##.....


Dungeon Overview and Level Annotations

Branches:
Dungeon (8/15)             Temple (1/1) D:6
   Lair: D:8-11

Altars:
Ashenzari
Dithmenos
Elyvilon
Fedhas
Gozag
Hepliaklqana
Kikubaaqudgha
Makhleb
Nemelex Xobeh
Okawaru
Qazlal
Ru
Sif Muna
Trog
Uskayaw
Vehumet
Yredelemnul
Zin
The Shining One

Shops:
D:4 !


Innate Abilities, Weirdness & Mutations

You cannot wear most types of armour.
You are very stealthy in the water. (Stealth+)
You are amphibious.
You can wear up to eight rings at the same time.
You can use your tentacles to constrict eight enemies at once.
Your skin changes colour to match your surroundings (Stealth+).
Your rubbery body absorbs attacks. (AC +1, EV +1)


Message History

Your surroundings suddenly seem different.
Found 11 sling bullets.
Okay, then.
An orc wizard comes into view. It is wielding a dagger of freezing.
Your transformation is almost over.
You feel a bit more experienced.
It was a potion of flight.
You feel very buoyant.
You fly up into the air.
Evoke which item? (* to show all) (? for menu, Esc to quit)
Okay, then.
As you read the scroll of fog, it crumbles to dust.
The scroll dissolves into smoke.
Your transformation has ended.
Your +1 dagger unmelds from your body.
Your +2 buckler unmelds from your body.
The orc wizard looks braver for a moment.
The orc wizard casts a spell at you. The puff of flame hits you!
You die...
Fedhas appreciates your contribution to the ecosystem.

..#..#.#.######§.##...###o#
.P...#).......#§§####.##.#.#
≈≈P..)...####.#§§# #.#{###o#
≈....#.###
#.#§§####..#...#o.
≈≈≈..#...#
#.§§§.....#.###.#..
≈≈...#.#.# ###.o####..##
Y#..
...#.#.#(######.......># # #
##.#.#.#(....(.......o.#
#.......(.......@######.#
o.#......####.....## #..
#...##.#.(.........# ###
######.#..###....(## #.#..#
##...## #....## ##.##
###.#...## #.# ........#.#
#.# ####.#.#.## #.#


You could see an orc wizard and an orc.

Vanquished Creatures
  An orc warrior (D:8)
  4 ogres
  A sky beast (D:5)
  2 phantoms
  2 centaurs
  A big kobold (D:8)
  A wight (D:8)
  2 howler monkeys
  4 crimson imps
  3 hounds
  A jelly (D:8)
  6 orc priests
  2 bullfrog skeletons
  9 orc wizards
  3 centaur skeletons
  4 worker ants
  2 hound skeletons (D:4)
  A worker ant zombie (D:4)
  Robin (D:4)
  5 gnolls
  10 adders
  4 oozes
  2 adder zombies (D:5)
  5 worms
  A dart slug (D:4)
  8 leopard geckos
  32 orcs
  5 bats
  10 giant cockroaches
  13 goblins
  12 hobgoblins
  5 jackals (D:2)
  A quokka (D:2)
  2 ball pythons
  8 frilled lizards
  A giant cockroach zombie (D:5)
  17 kobolds
  9 rats
200 creatures vanquished.

Vanquished Creatures (collateral kills)
  A goblin (D:4)
1 creature vanquished.

Vanquished Creatures (others)
  2 necrophages (D:8)
  25 toadstools
27 creatures vanquished.

Grand Total: 228 creatures vanquished

Notes
Turn   | Place    | Note
-------+----------+-------------------------------------------
     0 | D:1      | Jorund the Octopode Transmuter began the quest for the Orb.
     0 | D:1      | Reached XP level 1. HP: 13/13 MP: 3/3
   144 | D:1      | Reached XP level 2. HP: 17/18 MP: 3/5
   208 | D:1      | Reached XP level 3. HP: 11/23 MP: 7/7
  1700 | D:2      | Reached XP level 4. HP: 18/28 MP: 8/8
  2562 | D:2      | Reached skill level 1 in Short Blades
  2712 | D:2      | Learned a level 2 spell: Sticks to Snakes
  2716 | D:2      | Learned a level 3 spell: Spider Form
  3318 | D:3      | Reached XP level 5. HP: 17/33 MP: 10/10
  3745 | D:4      | HP: 2/49 [poisoned by a worker ant]
  3753 | D:4      | HP: 2/49 [poisoned by a worker ant]
  4278 | D:4      | Noticed Robin
  4311 | D:4      | Reached XP level 6. HP: 30/38 MP: 6/11
  4409 | D:4      | Found Wotebuf's Distillery.
  4417 | D:4      | Bought a potion of curing for 30 gold pieces
  4417 | D:4      | Bought a potion of heal wounds for 50 gold pieces
  4417 | D:4      | Bought a potion of curing for 30 gold pieces
  4417 | D:4      | Bought a potion of degeneration for 10 gold pieces
  4418 | D:4      | Bought a potion of mutation for 25 gold pieces
  4472 | D:4      | Reached skill level 1 in Shields
  4484 | D:4      | Noticed a phantom
  4792 | D:4      | Killed Robin
  5631 | D:4      | Reached XP level 7. HP: 36/43 MP: 13/13
  5868 | D:5      | Entered Level 5 of the Dungeon
  6506 | D:5      | Gained mutation: Your muscles are strong. (Str +2) [potion of mutation]
  6506 | D:5      | Gained mutation: You can translocate small distances at will. [potion of mutation]
  7604 | D:5      | Lost mutation: Your muscles are strong. (Str +2) [potion of cure mutation]
  7604 | D:5      | Lost mutation: You can translocate small distances at will. [potion of cure mutation]
  7958 | D:4      | Reached XP level 8. HP: 10/48 MP: 14/14
  8262 | D:5      | Reached skill level 5 in Short Blades
  8684 | D:5      | Reached skill level 5 in Spellcasting
  9490 | D:6      | Reached skill level 5 in Transmutations
  9504 | D:6      | Found a staircase to the Ecumenical Temple.
  9513 | Temple   | Entered the Ecumenical Temple
  9626 | Temple   | Became a worshipper of Fedhas Madash
 10048 | D:6      | Reached XP level 9. HP: 31/53 MP: 17/17
 10451 | D:6      | Reached skill level 5 in Shields
 11396 | D:7      | Learned a level 3 spell: Regeneration
 11819 | D:8      | Reached * piety under Fedhas
 12168 | D:8      | Killed from afar by an orc wizard

Vault maps used:
D:1:      saegor_arrival_simple_f, st_stairs_5
D:2:      minmay_misc_feat_diagonals
D:3:      st_stairs_1
D:4:      serial_shops, shop, first_bread, hangedman_decor_lopped, uniq_robin
D:5:      eino_tiny_chamber, minmay_small_thing
D:6:      corner_web_ring, abandoned_shop
D:7:      serial_glass, glass_columns_b, glass_columns_b
D:8:      serial_undead, serial_undead_f, serial_undead_d, serial_undead_d,
          serial_undead_a, serial_shops, nicolae_shop_stone, uniq_pikel
Temple:   minmay_crystal_snake_temple

Skill      XL: |  1  2  3  4  5  6  7  8  9 |
---------------+----------------------------+-----
Transmutations | 3 4 5 |  5.8
Spellcasting   | 3 4 5 6 |  6.4
Short Blades   | 1 2 3 4 5 6 |  6.4
Shields        | 1 3 4 5 |  5.2
Fighting       | |  1.0
Dodging        | |  2.6
Unarmed Combat | |  3.0

Action                   |  1- 3 |  4- 6 |  7- 9 || total
-------------------------+-------+-------+-------++-------
Melee: Unarmed           |    37 |     2 |    62 ||   101
       Kick              |    11 |    40 |    41 ||    92
       Constrict         |    23 |    45 |    58 ||   126
       Tentacles         |    14 |    34 |    49 ||    97
       Dagger            |    54 |   217 |   306 ||   577
       Punch             |     3 |     5 |     8 ||    16
 Fire: Blowgun           |       |     7 |    23 ||    30
Throw: Javelin           |       |     1 |    35 ||    36
 Cast: Beastly Appendage |     9 |    16 |    18 ||    43
       Sticks to Snakes  |       |     1 |    11 ||    12
       Spider Form       |       |     1 |     8 ||     9
Invok: Fungal Bloom      |       |       |     9 ||     9
Evoke: Wand              |       |       |     2 ||     2
  Use: Scroll            |     3 |    15 |     4 ||    22
       Potion            |       |     4 |     9 ||    13
 Stab: Sleeping          |     8 |     2 |     6 ||    16
  Eat: Chunk             |     2 |    11 |    14 ||    27
       Pizza             |       |     1 |       ||     1
       Meat ration       |       |       |     1 ||     1
       Fruit             |       |       |     2 ||     2
Armor: Skin              |     5 |    10 |    13 ||    28
Dodge: Dodged            |    54 |   106 |   122 ||   282
Block: Buckler           |       |    48 |    87 ||   135
       Reflection        |       |     3 |     5 ||     8
       Other             |       |       |     5 ||     5
